 Dungeon Crawl Stone Soup version 0.32-a0-818-gb728d0252e (webtiles) character file.

Game seed: 10685240261087674385

60 jestert79 the Ruffian (level 3, 0/28 HPs)
             Began as a Draconian Shapeshifter on Mar 24, 2024.
             Slain by a goblin
             ... wielding a +0 club
             ... led by Robin
              (4 damage)
             ... on level 2 of the Dungeon.
             The game lasted 00:03:52 (1381 turns).

jestert79 the Ruffian (Draconian Shapeshifter)      Turns: 1381, Time: 00:03:54

Health: 0/28       AC:  5    Str: 16    XL:     3   Next: 82%
Magic:  3/3        EV: 11    Int: 12    God:
Gold:   143        SH:  5    Dex: 10    Spells: 2/2 levels left

rFire   . .          .
                       - Unarmed
rCold   . . .        (no shield)
rNeg    . . .        (body armour unavailable)
rPois   .            (helmet currently unavailable)
rElec   .            (cloak currently unavailable)
rCorr   .            (gloves currently unavailable)
SInv    .            (boots currently unavailable)
Will    .....        j - amulet of reflection
Stlth   +            (no ring)
HPRegen 0.24/turn    (no ring)
MPRegen 0.08/turn

%: reflection
@: lethally poisoned (0 -> -12), beast-form
A: beast (slay +2), AC +5, unfitting armour, cold-blooded
a: Begin Untransformation


You were on level 2 of the Dungeon.
You were a hulking beast.
You visited 1 branch of the dungeon, and saw 2 of its levels.

You collected 143 gold pieces.

Inventory:

Magical Staves
 d - a staff of fire
Jewellery
 j - an amulet of reflection (around neck)
Talismans
 b - a beast talisman (active)
 c - a flux talisman
Scrolls
 g - a scroll of amnesia {unknown}
 h - 2 scrolls of fear {unknown}
 k - a scroll of blinking {unknown}
Potions
 a - 2 potions of lignification
 e - a potion of enlightenment {unknown}
 f - a potion of brilliance {unknown}
 i - 3 potions of might {unknown}


   Skills:
 - Level 1.1 Fighting
 - Level 1.7 Dodging
 + Level 4.0 Unarmed Combat
 + Level 3.8 Shapeshifting


You had 2 spell levels left.
You didn't know any spells.
Your spell library contained the following spells:

 Spells                   Type           Power      Damage    Failure   Level
 Apportation              Tloc           0%         N/A       32%         1
 Necrotise                Necr           0%         1d4       32%         1
 Sting                    Conj/Alch      0%         1d3       32%         1
 Summon Small Mammal      Summ           0%         N/A       32%         1
 Ensorcelled Hibernation  Hex/Ice        0%         N/A       45%         2
 Fugue of the Fallen      Necr           0%         N/A       69%         3
 Anguish                  Hex/Necr       0%         N/A       97%         4
 Vhi's Electric Charge    Tloc/Air       0%         N/A       97%         4
 Arcjolt                  Conj/Air       0%         1d10      100%        5
 Maxwell's Capacitive Co  Air            0%         ∞         100%        8


Dungeon Overview and Level Annotations

Branches:
Dungeon (2/15)

Altars:

Annotations:
D:2 Robin


Innate Abilities, Weirdness & Mutations

You are a hulking beast.
Your limbs bulge with bestial killing power. (Slay +2)
Your plain brown scales are hard. (AC +5)
You cannot fit into any form of body armour.
You are cold-blooded and may be slowed by cold attacks.


Message History

You feel very sick. The goblin barely misses you.
A goblin comes into view. It is wielding a +0 club.
You feel sick.
You feel sick. The goblin attacks as it pursues you!
The goblin hits you with a +0 dagger of venom.
The hobgoblin hits you but does no damage.
A goblin comes into view. It is wielding a +0 club.
You feel sick.
The goblin shouts! x2; You hear a shout!
A hobgoblin comes into view.
The goblin unwields a +0 club.
The goblin wields a +0 sling.
The goblin shoots a sling bullet.
The sling bullet barely misses you.
You feel sick. You block the goblin's attack.
A goblin comes into view. It is wielding a +0 club.
The hobgoblin barely misses you.
You feel sick. The goblin attacks as it pursues you!
The goblin hits you but does no damage.
You are more poisoned.
The goblin shoots a sling bullet.
The sling bullet hits you.
You feel very sick.
Robin of the Strong Arm comes into view.
They are wielding a +0 whip.
You feel sick. The goblin attacks as it pursues you!
The goblin hits you but does no damage.
The hobgoblin attacks as it pursues you!
The hobgoblin closely misses you.
You feel sick. The goblin attacks as it pursues you!
The goblin hits you with a +0 dagger of venom.
* * * LOW HITPOINT WARNING * * *
You are lethally poisoned!
Robin says, "Feeling lonely?"
A goblin comes into view. It is wielding a +0 dagger.
There is an escape hatch in the ceiling here.
* * * LOW HITPOINT WARNING * * *
You feel very sick.
The goblin shouts!
Robin roars a battlecry!
The goblins go into a battle-frenzy!
The goblin hits you with a +0 club.
You die...

#....#...# #.#.###
#....#...# #......
#.gg.#...#######.###
#...........# #.#
#..g........####'##
#.g.............#
#gg.............#
#gg.............#
#hgg............#
#...g......#......##
#..........########.
#..........# #.
#..........# #.
#..........# #.
#..........# #.
#..........# #. ...
#.


You could see Robin, 2 hobgoblins and 8 goblins.

Vanquished Creatures
  Terence (D:2)
  2 dart slugs (D:1)
  2 ball pythons (D:2)
  4 bats
  3 endoplasms (D:2)
  A giant cockroach (D:1)
  5 goblins
  3 hobgoblins
  3 jackals (D:1)
  3 kobolds
  A frilled lizard (D:1)
  3 rats
31 creatures vanquished.

Notes
Turn   | Place    | Note
-------+----------+-------------------------------------------
     0 | D:1      | jestert79 the Draconian Shapeshifter began the quest for
                  | the Orb.
     0 | D:1      | Reached XP level 1. HP: 16/16 MP: 1/1
   139 | D:1      | Reached XP level 2. HP: 23/23 MP: 2/2
   725 | D:2      | Noticed Terence
   937 | D:2      | Reached XP level 3. HP: 28/28 MP: 3/3
  1091 | D:2      | Killed Terence
  1162 | D:2      | Reached skill level 4 in Unarmed Combat
  1378 | D:2      | Noticed Robin
  1381 | D:2      | Slain by a goblin

Illustrated notes

Levels and vault maps discovered:
D:1:      lightli_arrival_flooded_house, layout_loops_ring
D:2:      layout_basic, uniq_robin, uniq_terence

Skill      XL: |  1  2  3 |
---------------+----------+-----
Unarmed Combat | 4 |  4.0
Fighting       | |  1.1
Dodging        | |  1.7
Shapeshifting  | |  3.8

Action                     || total
---------------------------++-------
  Melee: Unarmed           ||    77
         Tailslap          ||     9
         Punch             ||     1
    Use: Potion            ||     1
   Stab: Sleeping          ||     1
 Armour: Skin              ||    62
  Dodge: Dodged            ||    40
  Block: Other             ||     5
         Reflection        ||     1

Table legend: (Time is in decaauts)
 A = Elapsed time spent in this place.
 B = Non-inter-level travel time spent in this place.
 C = Inter-level travel time spent in this place.
 D = Time resting spent in this place.
 E = Time spent auto-exploring this place.
 F = Levels seen in this place.
 G = Mean time per level.
                   A        B        C        D        E       F      G
               +--------+--------+--------+--------+--------+-----+--------+
         Total |   1376 |   1289 |     87 |     24 |    976 |   2 |  688.0 |
       Dungeon |   1376 |   1289 |     87 |     24 |    976 |   2 |  688.0 |
               +--------+--------+--------+--------+--------+-----+--------+

Top non-repeatable levels by time:
     D:1: 708 daAuts
     D:2: 668 daAuts
